 Dungeon Crawl Stone Soup version 0.21.1-1-g345015fe64 (webtiles) character file.

468 KleinerIrrer the Chopper (level 7, 0/44 HPs)
             Began as a Gargoyle Fighter on Apr 4, 2018.
             Slain by KleinerIrrer's ghost (7 damage)
             ... on level 4 of the Dungeon.
             The game lasted 00:02:03 (5686 turns).

KleinerIrrer the Chopper (Gargoyle Fighter)         Turns: 5686, Time: 00:02:04

Health: 0/44       AC: 14    Str: 24    XL:     7   Next: 8%
Magic:  7/7        EV:  8    Int:  9    God:
Gold:   129        SH:  9    Dex:  9    Spells: 6/6 levels left

rFire    . . .     SeeInvis .   Y - +2 war axe
rCold    . . .     Gourm    .   c - +0 shield
rNeg     + . .     Faith    .   b - +0 scale mail
rPois    ∞         Spirit   .   (no helmet)
rElec    +         Reflect  .   (no cloak)
rCorr    .         Harm     .   r - +2 pair of gloves {Str+3}
MR       .....                  (no boots)
Stlth    ..........             (no amulet)
HPRegen  0.14/turn              (no ring)
MPRegen  0.10/turn              (no ring)

@: about to teleport
A: negative energy resistance 1, electricity resistance, unbreathing,
petrification resistance, rot immunity, AC +4
a: no special abilities


You were on level 4 of the Dungeon.
You were not hungry.

You visited 1 branch of the dungeon, and saw 4 of its levels.

You collected 129 gold pieces.


Innate Abilities, Weirdness & Mutations

You are resistant to torment.
Your stone body is resilient. (AC +4)
You are immune to poison.
You resist negative energy. (rN+)
You are resistant to electric shocks. (rElec)
You can survive without breathing.
You are immune to petrification.
You are immune to rotting.


   Skills:
 - Level 4.4 Fighting
 + Level 6.1 Axes
 - Level 3.2 Armour
 - Level 1.0 Dodging
 - Level 3.2 Shields


You had 6 spell levels left.
You didn't know any spells.

Inventory:

Hand Weapons
 o - a +0 flail
 Y - a +2 war axe (weapon)
Missiles
 q - 2 javelins (quivered)
Armour
 b - a +0 scale mail (worn)
 c - a +0 shield (worn)
 g - a +0 cloak
 r - a +2 pair of gloves of strength (worn)
Scrolls
 f - a scroll of identify
 i - 2 scrolls of teleportation
 n - 3 scrolls of remove curse
Potions
 d - a potion of might
 h - a potion of resistance
 j - a potion of heal wounds {unknown}
 k - a potion of mutation {unknown}
 l - a potion of curing
 m - a potion of agility {unknown}
 p - a potion of lignification {unknown}
 t - 2 potions of ambrosia {unknown}
Comestibles
 a - 6 chunks of flesh
 e - 3 rations

Dungeon Overview and Level Annotations

Branches:
Dungeon (4/15)
 Temple: D:4-7

Altars:
Fedhas
Trog

Annotations:
D:4 KleinerIrrer's ghost, novice FoFi


Message History

KleinerIrrer's ghost hits you!
* * * LOW HITPOINT WARNING * * *
KleinerIrrer's ghost hits you but does no damage.
You hit KleinerIrrer's ghost.
KleinerIrrer's ghost is severely damaged.
You block KleinerIrrer's ghost's attack.
Your shield and scale mail prevent you from hitting KleinerIrrer's ghost.
KleinerIrrer's ghost is severely damaged.
KleinerIrrer's ghost hits you.
* * * LOW HITPOINT WARNING * * *
5685 ||| READING 3 scrolls of teleportation.
As you read the scroll of teleportation, it crumbles to dust.
You feel strangely unstable.
KleinerIrrer's ghost whispers, "It is all a dream - a grotesque and foolish dream."
KleinerIrrer's ghost hits you.
* * * LOW HITPOINT WARNING * * *
You slash KleinerIrrer's ghost!
KleinerIrrer's ghost is almost destroyed.
KleinerIrrer's ghost hits you!
You die...

......# ##..>...#
......##### #.....###
####......# #.#####
####.####.#########.#
...................>#
###..#....###########
.##..##.### #
.....##.############....
......#.........@WS((...
#.....############.....)
#.....# ..... #.....#
(..( #.#.### ... #.#.#
.. #...# . ##..######
..........


You could see KleinerIrrer's ghost and an adder.

Vanquished Creatures
  The ghost of KleinerIrrer the Chopper, an amateur GrFi (D:3)
  A howler monkey (D:4)
  An iguana (D:4)
  A worker ant (D:4)
  A hound skeleton (D:4)
  8 gnolls
  8 adders
  An ooze (D:3)
  An adder skeleton (D:4)
  A worm (D:3)
  3 dart slugs
  4 leopard geckos
  6 orcs
  2 giant cockroaches (D:1)
  10 goblins
  10 hobgoblins
  7 jackals (D:2)
  3 quokkas
  7 bats
  5 frilled lizards
  A jackal skeleton (D:4)
  5 kobolds
  4 rats
91 creatures vanquished.

Vanquished Creatures (others)
  A fungus (D:2)
1 creature vanquished.

Grand Total: 92 creatures vanquished

Notes
Turn   | Place    | Note
-------+----------+-------------------------------------------
     0 | D:1      | KleinerIrrer the Gargoyle Fighter began the quest for the Orb.
     0 | D:1      | Reached XP level 1. HP: 14/14 MP: 1/1
     0 | D:1      | 0 ||| counter = 60
    65 | D:1      | Reached skill level 2 in Axes
    74 | D:1      | Reached XP level 2. HP: 12/19 MP: 2/2
   645 | D:1      | Reached skill level 3 in Axes
   693 | D:1      | Reached XP level 3. HP: 22/23 MP: 3/3
   741 | D:1      | 741 ||| READING 2 scrolls labeled HOYPLI DYQEGO.
   742 | D:1      | 742 ||| READING scroll labeled GORAAC ASEE.
   743 | D:1      | 743 ||| READING 3 scrolls labeled KOIKLACWYO.
   747 | D:1      | 747 ||| READING scroll labeled DITHEO MOKAENU.
   748 | D:1      | 748 ||| READING scroll labeled HOPSIY VIOGA.
   749 | D:1      | 749 ||| READING scroll labeled FIOWNU JEOVO.
   750 | D:1      | 750 ||| READING scroll labeled JONAR IL COUPP.
  1163 | D:2      | Reached XP level 4. HP: 28/28 MP: 4/4
  1205 | D:2      | Reached skill level 4 in Axes
  1235 | D:2      | 1235 ||| DROPPING club.
  1513 | D:2      | 1513 ||| STAIRDANCE
  1549 | D:2      | 1549 ||| STAIRDANCE
  1763 | D:2      | Reached XP level 5. HP: 19/32 MP: 5/5
  1767 | D:2      | 1767 ||| STAIRDANCE
  2003 | D:2      | Found a blossoming altar of Fedhas.
  2522 | D:3      | 2522 ||| UPGRADING to whip.
  2523 | D:3      | 2523 ||| SWAPPING to +1 war axe.
  2536 | D:3      | Noticed KleinerIrrer's ghost (amateur GrFi)
  2551 | D:3      | 2551 ||| STAIRDANCE
  2672 | D:3      | 2672 ||| STAIRDANCE
  2797 | D:3      | 2797 ||| STAIRDANCE
  3002 | D:2      | 3002 ||| EATING 4 rations.
  3005 | D:3      | 3005 ||| STAIRDANCE
  3076 | D:3      | 3076 ||| STAIRDANCE
  3131 | D:3      | 3131 ||| STAIRDANCE
  3202 | D:3      | 3202 ||| STAIRDANCE
  3329 | D:3      | 3329 ||| STAIRDANCE
  3401 | D:3      | 3401 ||| STAIRDANCE
  3535 | D:3      | 3535 ||| STAIRDANCE
  3733 | D:3      | 3733 ||| STAIRDANCE
  3826 | D:3      | 3826 ||| STAIRDANCE
  3891 | D:3      | 3891 ||| STAIRDANCE
  3988 | D:3      | 3988 ||| STAIRDANCE
  4058 | D:3      | 4058 ||| STAIRDANCE
  4254 | D:2      | 4254 ||| EATING 3 rations.
  4270 | D:3      | 4270 ||| STAIRDANCE
  4355 | D:3      | Killed KleinerIrrer's ghost
  4355 | D:3      | Reached skill level 5 in Axes
  4355 | D:3      | Reached XP level 6. HP: 32/37 MP: 6/6
  4440 | D:3      | 4440 ||| READING scroll of enchant weapon.
  4440 | D:3      | 4440 ||| ENCHANTING +1 war axe.
  4978 | D:3      | 4978 ||| DROPPING +0 whip.
  4979 | D:3      | 4979 ||| UPGRADING to flail.
  4980 | D:3      | 4980 ||| SWAPPING to +2 war axe.
  5061 | D:3      | 5061 ||| UPGRADING to glowing leather armour.
  5071 | D:3      | 5071 ||| UPGRADING to +0 scale mail.
  5081 | D:3      | 5081 ||| DROPPING +3 leather armour.
  5082 | D:3      | 5082 ||| UPGRADING to pair of embroidered gloves.
  5087 | D:3      | 5087 ||| READING 2 scrolls of enchant armour.
  5087 | D:3      | 5087 ||| ENCHANTING +0 pair of gloves of strength.
  5088 | D:3      | 5088 ||| READING scroll of enchant armour.
  5088 | D:3      | 5088 ||| ENCHANTING +1 pair of gloves of strength.
  5089 | D:3      | 5089 ||| READING scroll labeled ITUUZA PUUR.
  5090 | D:3      | 5090 ||| DRINKING 2 inky potions.
  5091 | D:3      | 5091 ||| READING 3 scrolls of identify.
  5091 | D:3      | 5091 ||| IDENTIFYING red potion
  5092 | D:3      | 5092 ||| READING 2 scrolls of identify.
  5092 | D:3      | 5092 ||| IDENTIFYING lumpy ruby potion
  5093 | D:3      | 5093 ||| DROPPING potion of degeneration.
  5137 | D:4      | 5137 ||| EATING 4 rations.
  5268 | D:4      | 5268 ||| STAIRDANCE
  5298 | D:4      | 5298 ||| STAIRDANCE
  5370 | D:4      | 5370 ||| STAIRDANCE
  5384 | D:4      | Reached skill level 1 in Dodging
  5398 | D:4      | Found a bloodstained altar of Trog.
  5566 | D:4      | Reached skill level 6 in Axes
  5566 | D:4      | Reached XP level 7. HP: 44/44 MP: 7/7
  5673 | D:4      | Noticed KleinerIrrer's ghost (novice FoFi)
  5684 | D:4      | HP: 11/44 [KleinerIrrer's ghost (2)]
  5685 | D:4      | 5685 ||| READING 3 scrolls of teleportation.
  5686 | D:4      | Slain by KleinerIrrer's ghost

Vault maps used:
D:1:      lemuel_arrival_broad_hall
D:2:      serial_forest, infiniplex_forest_clump_diagonal,
          infiniplex_forest_straight_5, infiniplex_forest_clump_long,
          infiniplex_forest_straight_2, infiniplex_forest_straight_3,
          infiniplex_forest_clump_long, fedhas_altar_3
D:3:      first_ration, hangedman_glass_teeth
D:4:      trog_butcher_becter

Skill      XL: |  1  2  3  4  5  6 |
---------------+-------------------+-----
Axes           | 2 3 4 5 6 |  6.1
Dodging        | 1 |  1.0
Fighting       | 4 |  4.4
Armour         | |  3.2
Shields        | |  3.2

Action                   |  1- 3 |  4- 6 |  7- 9 || total
-------------------------+-------+-------+-------++-------
Melee: War axe           |   138 |   215 |    13 ||   366
Throw: Javelin           |       |    11 |     4 ||    15
  Use: Scroll            |     7 |     6 |     1 ||    14
       Potion            |       |     1 |       ||     1
  Eat: Chunk             |     1 |     5 |       ||     6
       Ration            |       |     3 |       ||     3
Armor: Scale mail        |    74 |   109 |     2 ||   185
Dodge: Dodged            |    48 |    69 |     2 ||   119
Block: Shield            |    86 |   144 |     3 ||   233

Table legend:
 A = Spawn XP
 B = Non-spawn XP
 C = Spawn XP percentage of total XP
 D = Spawn monster count
 E = Non-spawn monster count
 F = Spawn count percentage of total count
 G = Total turns spent on level
                    A         B        C        D         E        F      G
               +---------+---------+-------+---------+---------+-------+---------
         Total |       0 |     669 |   0.0 |       0 |      91 |   0.0 |  5686
               +---------+---------+-------+---------+---------+-------+---------
           D:1 |       0 |      48 |   0.0 |       0 |      20 |   0.0 |  1242
           D:2 |       0 |     156 |   0.0 |       0 |      33 |   0.0 |  3000
           D:3 |       0 |     260 |   0.0 |       0 |      22 |   0.0 |   978
           D:4 |       0 |     205 |   0.0 |       0 |      16 |   0.0 |   466
               +---------+---------+-------+---------+---------+-------+---------
